 Dungeon Crawl Stone Soup version 0.26-b1-32-g5d43845318 (webtiles) character file.

Game seed: 9259240650159445191

6109 Aviak the Fighter (level 10, -4/83 HPs)
             Began as a Demonspawn Transmuter on Jan 12, 2021.
             Was an Initiate of Gozag.
             Slain by a two-headed ogre
             ... wielding a cursed +0 giant club
              (22 damage)
             ... on level 9 of the Dungeon.
             The game lasted 00:18:22 (15469 turns).

Aviak the Fighter (Demonspawn Transmuter)          Turns: 15469, Time: 00:18:22

Health: -4/83      AC:  6    Str: 11    XL:     10   Next: 58%
Magic:  12/17      EV: 14    Int: 17    God:    Gozag
Gold:   754        SH:  0    Dex: 14    Spells: 8/19 levels left

rFire    . . .     SeeInvis .     - Unarmed
rCold    . . .     Faith    .   (shield currently unavailable)
rNeg     . . .     Spirit   .   d - +0 leather armour
rPois    .         Reflect  .   z - +0 hat of the Bull {+Blink} (curse)
rElec    .         Harm     .   p - +0 cloak
rCorr    .         Rampage  .   (gloves currently unavailable)
Will     .....                  e - +0 pair of boots
Stlth    +.........             (no amulet)
HPRegen  0.23/turn              (no ring)
MPRegen  0.15/turn              (no ring)

@: blade hands
A: hooves 2, powered by pain 2, spiny 1, sharp scales 1
a: End Transformation, Renounce Religion, Evoke Blink, Potion Petition, Call
Merchant, Bribe Branch


You were on level 9 of the Dungeon.
You worshipped Gozag.
Gozag was pleased with you.
You had blades for hands.
You visited 1 branch of the dungeon, and saw 9 of its levels.

You collected 1597 gold pieces.
You spent 156 gold pieces at shops.
You paid 687 gold pieces to Gozag.

Inventory:

Armour
 d - a +0 leather armour (worn)
 e - a +0 pair of boots (worn)
 k - a +0 kite shield
 p - a +0 cloak (worn)
 z - the cursed +0 hat of the Bull (worn) {+Blink}
   (You found it on level 9 of the Dungeon)

   It lets you blink.
   It has a curse placed upon it.
Wands
 f - a wand of random effects (7)
 j - a wand of acid (12)
 v - a wand of disintegration (7)
 y - a wand of paralysis (21)
Scrolls
 a - a scroll of vulnerability {!r}
 b - 3 scrolls of amnesia
 g - 2 scrolls of enchant weapon
 i - 2 scrolls of identify
 l - a scroll of enchant armour
 n - a scroll of random uselessness {unknown}
 o - 2 scrolls of fog {unknown}
 q - 2 scrolls of immolation {unknown}
 r - 2 scrolls of remove curse
 s - 2 scrolls of magic mapping {unknown}
 t - 7 scrolls of teleportation
 u - a scroll of fear {unknown}
 x - a scroll of blinking
Potions
 c - a potion of curing
 h - a potion of heal wounds
 m - a potion of flight
 w - a potion of mutation {!q}
Miscellaneous
 A - a tin of tremorstones (2/2)


   Skills:
 - Level 9.0 Fighting
 + Level 4.9 Dodging
 - Level 5.0 Unarmed Combat
 - Level 5.0 Spellcasting
 + Level 7.1 Transmutations
 - Level 7.0 Poison Magic


You had 8 spell levels left.
You knew the following spells:

 Your Spells              Type           Power        Failure   Level
a - Beastly Appendage     Tmut           56%          16%         1
b - Wereblood             Tmut           28%          19%         2
c - Spider Form           Tmut/Pois      14%          26%         3
d - Blade Hands           Tmut           14%          71%         5

Your spell library contained the following spells:

 Spells                   Type           Power        Failure   Level
 Corona                   Hex            4%           61%         1
 Ensorcelled Hibernation  Hex/Ice        8%           71%         2
 Ice Form                 Ice/Tmut       16%          82%         4
 Confusing Touch          Hex            4%           87%         3
 Dazzling Flash           Conj/Hex       8%           87%         3
 Tukima's Dance           Hex            4%           87%         3


Dungeon Overview and Level Annotations

Branches:
Dungeon (9/15)             Temple (0/1) D:6             Orc (0/2) D:9
   Lair: D:8-11

Altars:
Cheibriados
Fedhas
Gozag
Hepliaklqana
Kikubaaqudgha
Okawaru
Ru
Sif Muna
Trog
Vehumet
Xom
Zin
The Shining One

Shops:
D:6 *

Annotations:
D:6 3 runed translucent doors, Yorgos's ghost, amateur FoFi
D:9 exclusion: statue


Innate Abilities, Weirdness & Mutations

You have hoof-like feet.
You sometimes gain power by taking damage.
You are partially covered in sharp spines.
You are partially covered in razor-sharp scales. (AC +1, Slay +1)


Message History

You slice the two-headed ogre!!
The two-headed ogre is heavily wounded.
The two-headed ogre hits you with a cursed +0 giant club!!
The two-headed ogre closely misses you.
You slice the two-headed ogre!!
The two-headed ogre is severely wounded.
You hit the two-headed ogre.
The two-headed ogre is almost dead.
The two-headed ogre is struck by your spines.
The two-headed ogre hits you but does no damage.
The two-headed ogre hits you with a +0 giant club!
* * * LOW HITPOINT WARNING * * *
You barely miss the two-headed ogre.
The two-headed ogre is almost dead.
The two-headed ogre is struck by your spines.
The two-headed ogre hits you with a cursed +0 giant club.
* * * LOW HITPOINT WARNING * * *
The two-headed ogre hits you with a +0 giant club!!
You die...
Your body crumbles into a pile of gold.

#..#
#..####
#..#.8 #..#
#..#.. #..#
#..#._ #..#
#..#.. #..#
#..#.. #..#
#..#.. #..#
#..##.##.##
#.....O@.#
#...######
##


You could see a two-headed ogre.

Vanquished Creatures
  A two-headed ogre (D:6)
  Pikel (D:4)
  Joseph (D:7)
  2 trolls
  Grinder (D:5)
  Menkaure (D:5)
  3 wargs (D:9)
  Edmund (D:4)
  Duvessa (D:5)
  A sky beast (D:8)
  An eye of draining (D:9)
  An ice beast (D:6)
  8 ogres
  A phantom (D:5)
  4 centaurs
  10 bullfrogs
  Dowan (D:5)
  3 scorpions
  2 howler monkeys
  A bullfrog zombie (D:7)
  6 orc wizards
  6 hounds
  Crazy Yiuf (D:3)
  2 bullfrog skeletons
  5 orc priests
  3 iguanas
  7 worker ants
  5 gnolls
  4 adders
  A white imp (D:4)
  An ufetubus (D:7)
  An adder skeleton (D:9)
  3 worms
  4 dart slugs
  5 leopard geckos
  27 orcs
  4 bats
  11 giant cockroaches
  9 goblins
  8 hobgoblins
  10 jackals
  8 kobolds
  4 quokkas
  3 frilled lizards
  A jackal skeleton (D:8)
  A leopard gecko skeleton (D:9)
  2 quokka skeletons (D:4)
  A quokka zombie (D:6)
  13 rats
  2 butterflies (D:3)
203 creatures vanquished.

Vanquished Creatures (others)
  5 plants (D:4)
  4 withered plants (D:4)
9 creatures vanquished.

Grand Total: 212 creatures vanquished

Notes
Turn   | Place    | Note
-------+----------+-------------------------------------------
     0 | D:1      | Aviak the Demonspawn Transmuter began the quest for the
                  | Orb.
     0 | D:1      | Reached XP level 1. HP: 15/15 MP: 3/3
   470 | D:1      | Gained mutation: You sometimes gain a little power by
                  | taking damage. [demonic ancestry]
   470 | D:1      | Reached XP level 2. HP: 21/21 MP: 3/5
   708 | D:1      | Learned a level 2 spell: Wereblood
  1370 | D:1      | Lost mutation: You have razor-sharp toenails. [demonic
                  | ancestry]
  1370 | D:1      | Lost mutation: You have sharp toenails. [demonic ancestry]
  1370 | D:1      | Gained mutation: You have large cloven feet. [demonic
                  | ancestry]
  1370 | D:1      | Reached XP level 3. HP: 26/26 MP: 4/6
  1813 | D:2      | Learned a level 3 spell: Spider Form
  2072 | D:2      | Found a sacrificial altar of Ru.
  2218 | D:2      | Found an opulent altar of Gozag.
  3123 | D:2      | Reached XP level 4. HP: 27/32 MP: 5/7
  3406 | D:2      | Became a worshipper of Gozag Ym Sagoz the Greedy
  4272 | D:3      | Found a glowing silver altar of Zin.
  4386 | D:3      | Gained mutation: You are partially covered in razor-sharp
                  | scales. (AC +1, Slay +1) [demonic ancestry]
  4386 | D:3      | Reached XP level 5. HP: 20/37 MP: 8/8
  4582 | D:3      | Found a shimmering altar of Xom.
  4650 | D:3      | Found a bloodstained altar of Trog.
  4882 | D:3      | Gained mutation: You have hoof-like feet. [potion of
                  | mutation]
  5088 | D:3      | Found a runed translucent door.
  5089 | D:3      | Noticed Crazy Yiuf
  5203 | D:3      | Killed Crazy Yiuf
  5258 | D:4      | Reached XP level 6. HP: 38/43 MP: 7/9
  5400 | D:4      | Found a snail-covered altar of Cheibriados.
  5456 | D:4      | Reached skill level 5 in Unarmed Combat
  5482 | D:4      | Reached skill level 2 in Fighting
  5762 | D:4      | Noticed Pikel
  6176 | D:4      | Killed Pikel
  6177 | D:4      | Reached skill level 4 in Fighting
  6177 | D:4      | Reached skill level 5 in Transmutations
  6177 | D:4      | Mutation became permanent: You have large cloven feet.
                  | [demonic ancestry]
  6177 | D:4      | Gained mutation: You have hoof-like feet. [demonic
                  | ancestry]
  6177 | D:4      | Reached XP level 7. HP: 43/54 MP: 6/10
  6230 | D:4      | Found an ancient bone altar of Kikubaaqudgha.
  6232 | D:4      | Found a blossoming altar of Fedhas.
  6265 | D:4      | Noticed Edmund
  6286 | D:4      | Killed Edmund
  6287 | D:4      | Gained mutation: You sometimes gain power by taking damage.
                  | [demonic ancestry]
  6287 | D:4      | Reached XP level 8. HP: 39/61 MP: 6/11
  6663 | D:4      | Reached skill level 5 in Fighting
  7318 | D:4      | Learned a level 5 spell: Blade Hands
  7467 | D:4      | Reached skill level 1 in Poison Magic
  7853 | D:5      | Entered Level 5 of the Dungeon
  7862 | D:5      | Noticed Menkaure
  8132 | D:5      | Found an iron altar of Okawaru.
  8511 | D:5      | Reached skill level 6 in Fighting
  8599 | D:5      | Found a hazy altar of Hepliaklqana.
  8822 | D:5      | Killed Menkaure
  9278 | D:5      | Noticed Grinder
  9278 | D:5      | Paralysed by Grinder for 6 turns
  9287 | D:5      | Paralysed by Grinder for 6 turns
  9304 | D:5      | Killed Grinder
  9305 | D:5      | Reached XP level 9. HP: 46/71 MP: 10/12
  9633 | D:6      | Found Unkefinku's Assorted Antiques.
  9644 | D:6      | Reached skill level 7 in Fighting
  9696 | D:6      | Bought a scroll labelled UNIHAU LEGEUNO for 26 gold pieces
  9696 | D:6      | Bought a scroll labelled ERIKHL VAYSEXKUD for 26 gold
                  | pieces
  9696 | D:6      | Bought a scroll labelled HIUNGI COITE for 26 gold pieces
  9696 | D:6      | Bought a scroll of teleportation for 78 gold pieces
  9767 | D:6      | Found a staircase to the Ecumenical Temple.
  9789 | D:5      | Noticed Duvessa
  9789 | D:5      | Noticed Dowan
  9903 | D:5      | Killed Duvessa
  9912 | D:5      | Killed Dowan
 10130 | D:5      | Reached skill level 5 in Poison Magic
 10528 | D:6      | Noticed a two-headed ogre
 10549 | D:6      | Killed a two-headed ogre
 10550 | D:6      | Reached skill level 8 in Fighting
 10836 | D:6      | Found a runed translucent gate.
 10837 | D:6      | Found a runed translucent gate.
 10838 | D:6      | Found a runed translucent gate.
 10840 | D:6      | Noticed Yorgos's ghost (amateur FoFi)
 11090 | D:7      | Noticed Joseph
 11108 | D:7      | Killed Joseph
 11109 | D:7      | Reached skill level 9 in Fighting
 11407 | D:7      | Gained mutation: You are partially covered in sharp spines.
                  | [demonic ancestry]
 11407 | D:7      | Reached XP level 10. HP: 66/83 MP: 10/13
 11549 | D:7      | Found a glowing golden altar of the Shining One.
 11860 | D:7      | Found a shimmering blue altar of Sif Muna.
 11979 | D:7      | HP: 3/83 [troll (12)]
 11986 | D:7      | HP: 4/83 [troll (10)]
 14106 | D:9      | Got a slimy hat
 14150 | D:9      | Identified the cursed +0 hat of the Bull {+Blink} (You
                  | found it on level 9 of the Dungeon)
 14209 | D:9      | Found a staircase to the Orcish Mines.
 15185 | D:9      | Reached skill level 5 in Spellcasting
 15462 | D:9      | Found a radiant altar of Vehumet.
 15462 | D:9      | Noticed a two-headed ogre
 15469 | D:9      | Slain by a two-headed ogre

Illustrated notes

Levels and vault maps discovered:
D:1:      lightli_iron_boxes, layout_loops_ring, minmay_octomino_j4
D:2:      layout_basic, lemuel_coloured_pillars_altar, old_standard_altar
D:3:      layout_rooms, xom_butterflies, zin_treasury,
          nicolae_overflow_crystal_walls, uniq_crazy_yiuf_cottage
D:4:      layout_loops_ring, grunt_temple_overflow_growth_and_decay,
          kennysheep_slug_shrine, uniq_edmund, uniq_pikel
D:5:      layout_basic, nzn_hepliaklqana_mist_gate, general_overflow_altar,
          uniq_menkaure, uniq_grinder, uniq_duvessa
D:6:      layout_rooms, minmay_temple_entry_tees, gammafunk_ghost_necromancy,
          serial_shops, shop, dk_noncrumbling_4
D:7:      layout_cave_pods, nicolae_overflow_hidden_temple, basic_altar,
          minmay_fractal_squares_5, uniq_joseph
D:8:      layout_basic, overflow_temple_1_default
D:9:      layout_gridville, vehumet_statue, minmay_orc_entry_guard_dogs

Skill      XL: |  1  2  3  4  5  6  7  8  9 10 |
---------------+-------------------------------+-----
Transmutations | 2 3 4 5 6 7 |  7.1
Unarmed Combat | 3 4 5 |  5.0
Fighting       | 4 6 9 |  9.0
Poison Magic   | 3 7 |  7.0
Dodging        | 2 4 |  4.9
Spellcasting   | 5 |  5.0

Action                   |  1- 3 |  4- 6 |  7- 9 | 10-12 || total
-------------------------+-------+-------+-------+-------++-------
Melee: Unarmed           |   127 |   159 |   292 |   197 ||   775
       Headbutt          |    11 |    12 |       |       ||    23
       Kick              |    19 |    22 |       |       ||    41
       Punch             |       |     1 |     2 |       ||     3
 Cast: Beastly Appendage |    33 |    24 |       |       ||    57
       Wereblood         |       |     3 |     3 |       ||     6
       Spider Form       |       |     1 |    31 |    26 ||    58
       Blade Hands       |       |       |       |     1 ||     1
Invok: Potion Petition   |       |       |     2 |       ||     2
 Abil: End Transformatio |       |       |     1 |       ||     1
Evoke: Wand              |       |    10 |     2 |     4 ||    16
  Use: Potion            |       |     8 |     1 |     4 ||    13
       Scroll            |       |     4 |     5 |     1 ||    10
 Stab: Distracted        |       |     2 |       |       ||     2
       Paralysed         |       |     4 |       |       ||     4
Armor: Robe              |     2 |       |       |       ||     2
       Leather armour    |    34 |    41 |    16 |     8 ||    99
       Skin              |       |     8 |     4 |     5 ||    17
Dodge: Dodged            |    72 |   109 |   214 |   182 ||   577
